 Dungeon Crawl Stone Soup version 0.28-a0-1292-gb4563b27b3 (webtiles) character file.

Game seed: 13395541374696578525

757 Garessta the Destroyer (level 7, -1/36 HPs)
             Began as a Deep Elf Conjurer on Dec 27, 2021.
             Was an Initiate of Vehumet.
             Shot with an arrow by a centaur (6 damage)
             ... on level 5 of the Dungeon.
             The game lasted 00:12:46 (5200 turns).

Garessta the Destroyer (Deep Elf Conjurer)          Turns: 5200, Time: 00:12:47

Health: -1/36      AC:  5    Str:  4    XL:     7   Next: 50%
Magic:  8/19       EV: 12    Int: 25    God:    Vehumet [......]
Gold:   233        SH:  0    Dex: 13    Spells: 8/19 levels left

rFire   . . .      SeeInvis +   r - +1 spear (vamp)
rCold   . . .      Faith    .   (no shield)
rNeg    . . .      Spirit   .   a - +0 robe
rPois   .          Reflect  .   (no helmet)
rElec   .          Harm     .   x - +2 cloak
rCorr   .          Rampage  .   (no gloves)
Will    .....                   (no boots)
Stlth   ++........              (no amulet)
HPRegen 0.12/turn               v - ring of see invisible
MPRegen 0.16/turn               (no ring)

@: very slightly contaminated
A: no striking features
a: Renounce Religion


You were on level 5 of the Dungeon.
You worshipped Vehumet.
Vehumet was noncommittal.
You visited 2 branches of the dungeon, and saw 6 of its levels.

You collected 233 gold pieces.

Inventory:

Hand Weapons
 e - a +0 short sword
 r - a +1 vampiric spear (weapon)
Armour
 a - a +0 robe (worn)
 x - a +2 cloak (worn)
Magical Staves
 w - a staff of earth
Jewellery
 v - a ring of see invisible (left hand)
Wands
 p - a wand of acid (8)
 s - a wand of flame (12)
 y - a wand of digging (6)
Scrolls
 b - 6 scrolls of teleportation {unknown}
 c - 5 scrolls of identify {unknown}
 d - 2 scrolls of immolation {unknown}
 g - a scroll of amnesia {unknown}
 h - a scroll of silence {unknown}
 i - 2 scrolls of torment {unknown}
 j - 2 scrolls of noise {unknown}
 k - a scroll of enchant weapon {unknown}
 m - 2 scrolls of magic mapping {unknown}
 n - a scroll of acquirement {unknown}
 t - 2 scrolls of blinking {unknown}
 u - a scroll of summoning {unknown}
Potions
 f - 3 potions of flight {unknown}
 l - a potion of attraction {unknown}
 o - a potion of haste {unknown}
 q - a potion of curing {unknown}


   Skills:
 - Level 2.4 Dodging
 - Level 2.4 Stealth
 + Level 6.9 Spellcasting
 * Level 8.7 Conjurations


You had 8 spell levels left.
You knew the following spells:

 Your Spells              Type           Power      Damage    Failure   Level
a - Magic Dart            Conj           100%       1d8       1%          1
b - Searing Ray           Conj           100%       2d8       1%          2
c - Iskenderun's Mystic   Conj/Tloc      30%        2d8       11%         4
d - Fulminant Prism       Conj/Hex       15%        3d11      11%         4

Your spell library contained the following spells:

 Spells                   Type           Power      Damage    Failure   Level
 Dazzling Flash           Conj/Hex       60%        N/A       3%          3


Dungeon Overview and Level Annotations

Branches:
Dungeon (5/15)             Temple (1/1) D:5

Altars:
Cheibriados
Dithmenos
Elyvilon
Fedhas
Gozag
Hepliaklqana
Makhleb
Nemelex Xobeh
Okawaru
Qazlal
Ru
Sif Muna
Uskayaw
Vehumet
Wu Jian
Xom
The Shining One

Shops:
D:1 :


Message History

The arrow closely misses you.
A centaur is nearby!
A centaur is nearby!
A centaur is nearby!
The centaur shoots an arrow.
The arrow hits you!
The centaur shoots an arrow.
The arrow hits you but does no damage.
The centaur shoots an arrow.
The arrow barely misses you.
Casting: Searing Ray (safe; 1% risk of failure)
Confirm with . or Enter, or press ? or * to list all spells.
The spell is quite dangerous to miscast (11% risk of failure)!
Continue anyway?
Aiming: Fulminant Prism (quite dangerous; 11% risk of failure)
Press: ? - help, Dir - move target You miscast Fulminant Prism.
You are very lightly contaminated with residual magic.
You are caught in a violent explosion!
Casting: Fulminant Prism (quite dangerous; 11% risk of failure)
Confirm with . or Enter, or press ? or * to list all spells.
The spell is quite dangerous to miscast (11% risk of failure)!
Continue anyway?
You erupt in a blast of force!
The mystic blast hits the centaur.
The centaur is moderately wounded.
The centaur is knocked back by the mystic blast.
Casting: Iskenderun's Mystic Blast (quite dangerous; 11% risk of failure)
Confirm with . or Enter, or press ? or * to list all spells.
The spell is quite dangerous to miscast (11% risk of failure)!
Continue anyway?
Okay, then.
Casting: Iskenderun's Mystic Blast (quite dangerous; 11% risk of failure)
Confirm with . or Enter, or press ? or * to list all spells.
Aiming: Searing Ray (safe; 1% risk of failure)
Press: ? - help, Shift-Dir - straight line The searing ray hits the centaur.
The centaur is moderately wounded. (Press . to maintain the ray.)
The centaur shoots an arrow.
The arrow hits you!
* * * LOW HITPOINT WARNING * * *
The searing ray hits the centaur.
The centaur is heavily wounded.
The centaur shoots an arrow.
The arrow hits you.
* * * LOW HITPOINT WARNING * * *
The centaur shoots an arrow.
The arrow hits you.
You die...

### #....)........# ..####
##..[..........# #....#
#........c.....# #..#.#
###........).....# ...#.#
#................# ..##.######..#
#..........# ..##....#..[.#
####..#########
..#..##....#<######..##....##.#
.##..####.......@##.#.>.##.#..#
##.....##.##.###..c.#.####.#.####
##..##....#..#........####....>..
#..###..###.#..#.....#..##.......
#.............##........##....##≈
##.....................###..###≈≈
##...........###....##.##...≈≈≈≈#
.##..........# #....##.##..##≈≈≈≈
.##...#......###....##.##..#≈≈#≈≈


You could see a centaur.

Vanquished Creatures
  Sigmund (D:2)
  A black bear (D:4)
  2 ice beasts
  A gnoll shaman (D:4)
  A jelly (D:4)
  An iguana (D:5)
  An orc wizard (D:5)
  A scorpion zombie (D:5)
  Ijyb (D:5)
  A hound skeleton (D:4)
  5 gnolls (D:4)
  3 adders
  A worm (D:3)
  A dart slug (D:2)
  11 orcs (D:5)
  9 endoplasms
  3 giant cockroaches
  4 hobgoblins
  5 jackals
  7 kobolds
  4 quokkas
  11 ball pythons
  3 bats
  3 frilled lizards
  A goblin (D:2)
  3 rats
85 creatures vanquished.

Vanquished Creatures (others)
  12 fulminant prisms
12 creatures vanquished.

Grand Total: 97 creatures vanquished

Notes
Turn   | Place    | Note
-------+----------+-------------------------------------------
     0 | D:1      | Garessta the Deep Elf Conjurer began the quest for the Orb.
     0 | D:1      | Reached XP level 1. HP: 10/10 MP: 6/6
   434 | D:1      | Reached XP level 2. HP: 15/15 MP: 5/8
   478 | D:1      | Found Ageosk's Book Shoppe.
   482 | D:1      | Learned a level 2 spell: Searing Ray
   738 | D:1      | Reached skill level 5 in Conjurations
  1018 | D:2      | Noticed Sigmund
  1053 | D:1      | Reached XP level 3. HP: 8/19 MP: 7/10
  1342 | D:2      | Found a shadowy altar of Dithmenos.
  1895 | D:2      | Killed Sigmund
  1896 | D:2      | Reached skill level 5 in Spellcasting
  1896 | D:2      | Reached skill level 6 in Conjurations
  1896 | D:2      | Reached XP level 4. HP: 23/24 MP: 2/13
  1896 | D:2      | Reached XP level 5. HP: 27/28 MP: 2/14
  2045 | D:2      | Learned a level 4 spell: Iskenderun's Mystic Blast
  2050 | D:2      | Learned a level 4 spell: Fulminant Prism
  2998 | D:4      | Noticed a black bear
  3063 | D:4      | Found a shadowy altar of Dithmenos.
  3114 | D:4      | Reached skill level 7 in Conjurations
  3114 | D:4      | Reached XP level 6. HP: 32/32 MP: 12/16
  3842 | D:4      | Noticed an ice beast
  3847 | D:4      | Killed an ice beast
  3848 | D:4      | Reached skill level 8 in Conjurations
  3848 | D:4      | Reached XP level 7. HP: 36/36 MP: 7/18
  4204 | D:5      | Entered Level 5 of the Dungeon
  4513 | D:5      | Found a hide-covered altar of Uskayaw.
  4752 | D:5      | Found a staircase to the Ecumenical Temple.
  4758 | Temple   | Entered the Ecumenical Temple
  4967 | Temple   | Became a worshipper of Vehumet
  5018 | D:5      | Noticed Ijyb
  5024 | D:5      | Killed Ijyb
  5200 | D:5      | Shot with an arrow by a centaur

Illustrated notes

Levels and vault maps discovered:
D:1:      saegor_arrival_simple_c, layout_basic, serial_shops, shop_statue
D:2:      layout_basic, basic_altar, uniq_sigmund
D:3:      layout_rooms, minivault_5, hangedman_abyss_or_decor_lesser_grid
D:4:      layout_gridville, nicolae_dithmenos_the_darkroom, minivault_24
D:5:      layout_rooms, nicolae_uskayaw_dance_hall, temple_green,
          minmay_misc_feat_x, minivault_4, uniq_ijyb
Temple:   regret_index_temple_generic_petals

Skill      XL: |  1  2  3  4  5  6 |
---------------+-------------------+-----
Conjurations   | 5 6 7 8 |  8.7
Spellcasting   | 5 6 |  6.9
Dodging        | |  2.4
Stealth        | |  2.4

Action                   |  1- 3 |  4- 6 |  7- 9 || total
-------------------------+-------+-------+-------++-------
 Cast: Magic Dart        |    70 |    56 |    18 ||   144
       Searing Ray       |     3 |     7 |     6 ||    16
       Fulminant Prism   |       |     6 |     6 ||    12
       Iskenderun's Myst |       |     1 |     2 ||     3
Armor: Robe              |     3 |       |     1 ||     4
Dodge: Dodged            |    10 |     6 |     3 ||    19

Table legend: (Time is in decaauts)
 A = Elapsed time spent in this place.
 B = Non-inter-level travel time spent in this place.
 C = Inter-level travel time spent in this place.
 D = Time resting spent in this place.
 E = Time spent auto-exploring this place.
 F = Levels seen in this place.
 G = Mean time per level.
                   A        B        C        D        E       F      G
               +--------+--------+--------+--------+--------+-----+--------+
         Total |   5206 |   4954 |    252 |    429 |   3962 |   6 |  867.7 |
       Dungeon |   4975 |   4764 |    211 |    429 |   3781 |   5 |  995.0 |
        Temple |    231 |    190 |     41 |      0 |    181 |   1 |  231.0 |
               +--------+--------+--------+--------+--------+-----+--------+

Top non-repeatable levels by time:
     D:4: 1400 daAuts
     D:1: 1214 daAuts
     D:2: 972 daAuts
     D:3: 704 daAuts
     D:5: 683 daAuts
  Temple: 231 daAuts
